 Dungeon Crawl Stone Soup version 0.29.1 (webtiles) character file.

Game seed: 16112345119444985365

210 raistware the Magician (level 5, -5/33 HPs)
             Began as an Octopode Conjurer on Sept 14, 2022.
             Slain by Duvessa
             ... wielding a +0 short sword
              (7 damage)
             ... on level 4 of the Dungeon.
             The game lasted 00:07:28 (3870 turns).

raistware the Magician (Octopode Conjurer)          Turns: 3870, Time: 00:07:29

Health: -5/33      AC:  1    Str:  6    XL:     5   Next: 88%
Magic:  4/11       EV: 13    Int: 22    God:
Gold:   236        SH:  0    Dex: 11    Spells: 7/12 levels left

rFire   . . .      SeeInvis +   f - staff of air
rCold   . . .      Faith    .   (no shield)
rNeg    . . .      Spirit   .   (helmet restricted)
rPois   +          Reflect  .   (no amulet)
rElec   +          Harm     .   b - ring of poison resistance
rCorr   .          Rampage  .   q - ring of see invisible
Will    .....                   (no ring)
Stlth   +++.......              (no ring)
HPRegen 0.11/turn               (no ring)
MPRegen 0.12/turn               (no ring)
                                (no ring)
                                (no ring)

@: flying, very slightly contaminated
A: almost no armour, amphibious, 8 rings, camouflage 1, gelatinous body 1,
(nimble swimmer 1), tentacles
a: no special abilities


You were on level 4 of the Dungeon.
You visited 1 branch of the dungeon, and saw 4 of its levels.

You collected 236 gold pieces.

Inventory:

Missiles
 l - 14 poisoned darts
Magical Staves
 f - a staff of air (weapon)
 s - a staff of fire
Jewellery
 b - a ring of poison resistance (left tentacle)
 q - a ring of see invisible (right tentacle)
Wands
 m - a wand of digging (5)
Scrolls
 e - 3 scrolls of identify
 g - 2 scrolls of enchant weapon {unknown}
 h - a scroll of poison {unknown}
 i - a scroll of fear {unknown}
 j - 2 scrolls of vulnerability {unknown}
 n - a scroll of immolation {unknown}
 t - a scroll of brand weapon {unknown}
Potions
 a - a potion of magic
 c - 4 potions of mutation
 d - a potion of attraction {unknown}
 k - a potion of flight
 o - a potion of brilliance {unknown}
 p - a potion of degeneration {unknown}
 r - 2 potions of heal wounds {unknown}
 u - a potion of curing {unknown}


   Skills:
 - Level 1.0 Fighting
 - Level 1.0 Staves
 - Level 2.0 Dodging
 - Level 2.6 Stealth
 + Level 4.4 Spellcasting
 - Level 4.0 Conjurations
 - Level 2.0 Translocations
 + Level 0.9 Fire Magic
 - Level 1.0 Evocations


You had 7 spell levels left.
You knew the following spells:

 Your Spells              Type           Power      Damage    Failure   Level
a - Magic Dart            Conj           88%        1d7       1%          1
b - Iskenderun's Mystic   Conj/Tloc      18%        2d6       30%         4

Your spell library contained the following spells:

 Spells                   Type           Power      Damage    Failure   Level
 Searing Ray              Conj           44%        2d6       3%          2
 Dazzling Flash           Conj/Hex       26%        N/A       14%         3
 Fulminant Prism          Conj/Hex       6%         3d7       43%         4


Dungeon Overview and Level Annotations

Branches:
Dungeon (4/15)
 Temple: D:4-7

Altars:
Makhleb
Wu Jian

Annotations:
D:4 Dowan, Duvessa


Innate Abilities, Weirdness & Mutations

You cannot wear most types of armour.
You are amphibious.
You can wear up to eight rings at the same time.
Your skin changes colour to match your surroundings (Stealth+).
Your rubbery body absorbs attacks. (AC +1, EV +1)
((You are camouflaged when in or above water. (Stealth+)))
You have tentacles for arms and can constrict up to eight enemies at once.


Message History

Duvessa is lightly wounded.
The magic dart hits Duvessa.
Duvessa is lightly wounded.
The magic dart hits Duvessa.
Duvessa is moderately wounded.
Dowan gestures wildly while chanting.
Dowan blinks!
You barely miss Duvessa. Your grab misses Duvessa.
Duvessa is moderately wounded.
Duvessa hits you with a +0 short sword!
Casting: Magic Dart (safe; 1% risk of failure)
Confirm with . or Enter, or press ? or * to list all spells.
The spell is extremely dangerous to miscast (30% risk of failure)!
Continue anyway?
You erupt in a blast of force!
The mystic blast hits Duvessa.
Duvessa is moderately wounded.
Duvessa is knocked back by the mystic blast.
Dowan points at Duvessa and mumbles some strange words.
Duvessa seems to speed up.
Magic courses through your body.
Casting: Iskenderun's Mystic Blast (extremely dangerous; 30% risk of failure)
Confirm with . or Enter, or press ? or * to list all spells.
The spell is extremely dangerous to miscast (30% risk of failure)!
Continue anyway?
You miscast Iskenderun's Mystic Blast.
You are very lightly contaminated with residual magic.
Nothing appears to happen.
Duvessa hits you with a +0 short sword.
Casting: Iskenderun's Mystic Blast (extremely dangerous; 30% risk of failure)
Confirm with . or Enter, or press ? or * to list all spells.
The spell is extremely dangerous to miscast (30% risk of failure)!
Continue anyway?
You miscast Iskenderun's Mystic Blast.
Strange energies run through your body!
* * * LOW HITPOINT WARNING * * *
Duvessa misses you. Duvessa closely misses you.
As you read the scroll labelled GIZAOCHO LOITZ, it crumbles to dust.
It is a scroll of identify.
c - 4 potions of mutation Duvessa hits you with a +0 short sword.
* * * LOW HITPOINT WARNING * * *
It was a potion of flight.
You feel very buoyant.
You fly up into the air.
Duvessa hits you with a +0 short sword!
You die...

####.#.).......#.######
#.###########.# #...#
.# ###.# +# #.# ... #.#
..[. ##.## ...<.
##...####..†=..
##....@e.e......
##.###.####...... ##.##
##.## ..... #.## ##.#
.... #.# #.# ... #.##
##.# +# ##.## ##.##
##.###.## ##...####


You could see Duvessa (fast) and Dowan.

Vanquished Creatures
  2 hounds (D:4)
  Robin (D:4)
  A gnoll (D:2)
  3 adders (D:3)
  5 worms
  3 dart slugs
  5 orcs
  4 endoplasms
  2 giant cockroaches
  12 hobgoblins
  2 jackals (D:1)
  8 kobolds
  A quokka (D:4)
  4 ball pythons
  4 bats
  2 frilled lizards
  9 goblins
  7 rats
75 creatures vanquished.

Vanquished Creatures (others)
  5 plants (D:1)
5 creatures vanquished.

Grand Total: 80 creatures vanquished

Notes
Turn   | Place    | Note
-------+----------+-------------------------------------------
     0 | D:1      | raistware the Octopode Conjurer began the quest for the
                  | Orb.
     0 | D:1      | Reached XP level 1. HP: 11/11 MP: 3/3
   306 | D:1      | Reached XP level 2. HP: 17/17 MP: 0/5
  1072 | D:2      | Reached XP level 3. HP: 21/21 MP: 4/7
  1557 | D:2      | Reached skill level 1 in Translocations
  1904 | D:3      | Identified the +12 chain mail of Moral Flaws {rC- Str+8}
  1933 | D:3      | Reached XP level 4. HP: 27/27 MP: 4/9
  1940 | D:3      | Learned a level 4 spell: Iskenderun's Mystic Blast
  2121 | D:3      | Found a faded altar of an unknown god.
  2556 | D:3      | Found a burning altar of Makhleb.
  3081 | D:4      | Reached skill level 1 in Fighting
  3081 | D:4      | Reached skill level 1 in Staves
  3081 | D:4      | Reached XP level 5. HP: 33/33 MP: 4/11
  3262 | D:4      | Found an ornate altar of the Wu Jian Council.
  3284 | D:4      | Reached skill level 1 in Evocations
  3589 | D:4      | Noticed Robin
  3636 | D:4      | Killed Robin
  3855 | D:4      | Noticed Duvessa
  3857 | D:4      | Noticed Dowan
  3870 | D:4      | Slain by Duvessa

Illustrated notes

Levels and vault maps discovered:
D:1:      minmay_arrival_five_plusses, layout_basic, minmay_misc_feat_plants,
          chequers_serial_rivers_small_3, interstate_on_off, serial_bayou_ford_a
D:2:      layout_rooms, minmay_vboxes
D:3:      layout_rooms, mainiacjoe_overflow_paths,
          dreamdust_ecumenical_altar_grove, grunt_ministairs_6
D:4:      layout_loops_corners, old_standard_altar, okawaru_altar_gauntlet_db,
          minitemple, serial_bayou_crossing, uniq_ijyb, uniq_robin, uniq_duvessa

Skill      XL: |  1  2  3  4  5 |
---------------+----------------+-----
Spellcasting   | 3 4 |  4.4
Translocations | 1 2 |  2.0
Fighting       | 1 |  1.0
Staves         | 1 |  1.0
Evocations     | 1 |  1.0
Dodging        | |  2.0
Stealth        | |  2.6
Conjurations   | |  4.0
Fire Magic     | |  0.9

Action                   |  1- 3 |  4- 6 || total
-------------------------+-------+-------++-------
Melee: Unarmed           |    17 |       ||    17
       Constrict         |     6 |     2 ||     8
       Tentacles         |     4 |     1 ||     5
       Staff             |     2 |     5 ||     7
Throw: Dart              |       |     6 ||     6
 Cast: Magic Dart        |    77 |   110 ||   187
       Iskenderun's Myst |       |     1 ||     1
  Use: Potion            |       |     2 ||     2
       Scroll            |       |     1 ||     1
 Stab: Sleeping          |     1 |       ||     1
Armor: Skin              |     3 |     1 ||     4
Dodge: Dodged            |     8 |    11 ||    19
